 Dungeon Crawl Stone Soup version 0.26.1-2-gb8aa6d0cf2 (webtiles) character file.

Game seed: 8892657411796676641

10544 FishyPogo the Fighter (level 11, -6/90 HPs)
             Began as a Demonspawn Gladiator on Feb 27, 2021.
             Was the Champion of Cheibriados.
             Engulfed by an ice statue's freezing vapour (18 damage)
             ... in an ice cave.
             The game lasted 00:39:05 (12790 turns).

FishyPogo the Fighter (Demonspawn Gladiator)       Turns: 12790, Time: 00:39:06

Health: -6/90      AC:  5    Str: 41    XL:     11   Next: 37%
Magic:  0/5        EV: 20    Int: 24    God:    Cheibriados [******]
Gold:   660        SH:  0    Dex: 29    Spells: 11/14 levels left

rFire    + + +     SeeInvis +   a - +2 dagger (venom)
rCold    + + .     Faith    +   (no shield)
rNeg     . . .     Spirit   +   G - +0 robe of Fuck {*Drain rF+++ Will+++ MP-9 SInv}
rPois    .         Reflect  .   O - +0 helmet
rElec    .         Harm     .   (no cloak)
rCorr    .         Rampage  .   (no gloves)
Will     +++..                  (no boots)
Stlth    +++.......             R - amulet "Duank" {Faith rC+ Str+7}
HPRegen  0.25/turn              B - ring of stealth (curse)
MPRegen  0.18/turn              N - ring of protection from cold

@: very slow
A: hooves 2, slimy green scales 1, demonic guardian 2, magic shield, magic
regeneration
a: Renounce Religion, Bend Time, Temporal Distortion, Slouch, Step From Time


You were in an ice cave.
You worshipped Cheibriados.
Cheibriados was exalted by your worship.
You visited 1 branch of the dungeon, and saw 12 of its levels.
You also visited: Ossuary and Ice Cave.

You collected 660 gold pieces.

Inventory:

Hand Weapons
 a - a +2 dagger of venom (weapon)
 b - a +2 short sword of draining
 Q - a +4 scimitar of freezing
Missiles
 d - 4 throwing nets
 f - 306 stones (quivered)
 n - 33 poisoned darts
 o - 3 boomerangs
 K - 6 atropa-tipped darts
 P - 2 javelins
Armour
 c - a +2 robe of resistance
 G - the +0 robe of Fuck (worn) {*Drain rF+++ Will+++ MP-9 SInv}
   (You found it on level 5 of the Dungeon)

   It renders you almost immune to fire.
   It affects your willpower, your defense against some magical effects.
   It affects your magic capacity (-9).
   It lets you see invisible.
   It causes draining when unequipped.
 J - a +0 kite shield
 O - a +0 helmet (worn)
Jewellery
 B - a cursed ring of stealth (left hand)
 M - an uncursed ring of willpower
 N - a ring of protection from cold (right hand)
 R - the amulet "Duank" (around neck) {Faith rC+ Str+7}
   (You found it on level 7 of the Dungeon)

   [amulet of faith]

   It allows you to gain divine favour quickly.
   It affects your strength (+7).
   It protects you from cold.
Wands
 y - a wand of disintegration (18)
 H - a wand of digging (11)
 I - a wand of iceblast (4)
Scrolls
 e - 3 scrolls of identify
 g - 5 scrolls of teleportation {unknown}
 i - 3 scrolls of remove curse
 j - a scroll of random uselessness {unknown}
 l - 4 scrolls of immolation
 s - 4 scrolls of enchant armour
 t - 3 scrolls of enchant weapon {unknown}
 x - 2 scrolls of blinking
 A - 3 scrolls of magic mapping
 D - 2 scrolls of fog {unknown}
 E - 2 scrolls of fear {unknown}
Potions
 h - a potion of heal wounds
 k - 10 potions of curing
 m - a potion of attraction {unknown}
 p - 3 potions of brilliance {unknown}
 q - 2 potions of invisibility
 r - 3 potions of degeneration
 u - 3 potions of berserk rage {unknown}
 v - 4 potions of lignification
 w - 2 potions of cancellation
 z - 3 potions of flight {unknown}
 C - a potion of might {unknown}
 F - 2 potions of haste {unknown}
 L - 2 potions of mutation


   Skills:
 * Level 9.7 Fighting
 + Level 5.8(6.5) Short Blades
 + Level 4.3(5.7) Long Blades
 - Level 3.0 Throwing
 + Level 6.1 Armour
 * Level 7.7 Dodging
 - Level 2.0 Spellcasting
 - Level 4.0 Conjurations
 - Level 2.0 Air Magic
 - Level 4.0 Poison Magic
 + Level 5.3 Invocations


You had 11 spell levels left.
You knew the following spells:

 Your Spells              Type           Power        Failure   Level
c - Mephitic Cloud        Conj/Pois/Air  18%          10%         3

Your spell library contained the following spells:

 Spells                   Type           Power        Failure   Level
 Magic Dart               Conj           84%          2%          1
 Corona                   Hex            2%           12%         1
 Conjure Flame            Conj/Fire      12%          16%         3
 Dazzling Flash           Conj/Hex       24%          16%         3
 Blink                    Tloc           N/A          19%         2
 Call Imp                 Summ           2%           19%         2
 Ensorcelled Hibernation  Hex/Ice        4%           19%         2
 Slow                     Hex            2%           19%         2
 Confusing Touch          Hex            2%           34%         3
 Tukima's Dance           Hex            2%           34%         3
 Cause Fear               Hex            1%           75%         4
 Silence                  Hex/Air        3%           91%         5
 Yara's Violent Unravell  Hex/Tmut       1%           97%         5
 Discord                  Hex            1%           100%        8


Dungeon Overview and Level Annotations

Branches:
Dungeon (12/15)            Temple (0/1) D:4            Lair (0/6) D:11
    Orc (0/2) D:11        Ossuary (visited)           IceCv (1/1)

Altars:
Cheibriados
Vehumet
Xom
The Shining One

Shops:
D:8 :   D:10 =

Annotations:
IceCv exclusion: 2 ice statues


Innate Abilities, Weirdness & Mutations

You have hoof-like feet.
You are partially covered in slimy green scales. (AC +2)
A demonic guardian rushes to your aid.
When hurt, damage is shared between your health and your magic reserves.
You regenerate magic rapidly.


Message History

You kill the ice beast!
You are engulfed in freezing vapours.
You resist.
* * * LOW HITPOINT WARNING * * *
The ice beast closely misses you.
Unknown command.
The ice statue glitters chillingly in the dim dungeon light.
The ice beast closely misses you. The ice beast misses you.
The ice beast barely misses you. The ice beast completely misses you.
The ice statue gestures at you. x2
The bolt of cold hits you. You resist.
* * * LOW HITPOINT WARNING * * *
The ice beast hits you.
* * * LOW HITPOINT WARNING * * *
The ice beast freezes you. You resist.
* * * LOW HITPOINT WARNING * * *
The ice beast completely misses you. The ice beast closely misses you.
The ice beast barely misses you.
Unknown command.
You are engulfed in freezing vapours.
You resist.
You die...

#.........#
#.........#
#........(#
#.........#
#.........#
#####÷#####
#........8#
#..YY°....#
#.@○Y☼....#
#.34○○....#
#.........#
##.......##
##.....##
###8### ..
...


You could see 2 ice statues, 3 ice beasts, a friendly soul eater (summoned) and
a friendly ice devil (summoned).

Vanquished Creatures
  2 two-headed ogres
  An unseen horror (D:10)
  An ugly thing (IceCv)
  An ice statue (IceCv)
  Psyche (D:12)
  A centaur skeleton (D:11)
  2 ice devils (D:11)
  A troll (D:10)
  Grinder (D:3)
  A wyvern (D:8)
  A wraith (D:11)
  Eustachio (D:6)
  7 yaks
  8 ice beasts
  A water moccasin (D:11)
  3 orc warriors
  2 sky beasts
  The ghost of brucemayne the Chopper, an amateur HOMo (D:6)
  2 ogres
  3 centaurs
  A wyvern zombie (D:8)
  6 bullfrogs
  A water moccasin zombie (Ossuary)
  3 scorpions
  7 killer bees
  A howler monkey (D:12)
  9 wights
  A bullfrog zombie (D:8)
  A bullfrog skeleton (D:9)
  2 jellies
  3 orc priests
  2 hounds
  2 iguanas (D:9)
  9 orc wizards
  Terence (D:2)
  Ijyb (D:5)
  Natasha (thrice) (D:4)
  8 worker ants
  A killer bee zombie (D:9)
  A big kobold zombie (Ossuary)
  A hound skeleton (D:9)
  2 mummies (Ossuary)
  Robin (D:2)
  7 gnolls
  A howler monkey skeleton (D:9)
  13 adders
  2 shadow imps
  3 white imps
  3 ufetubi
  An ooze (D:1)
  10 adder zombies
  3 adder skeletons
  2 worms
  6 dart slugs
  8 leopard geckos
  29 orcs
  2 ball pythons (D:4)
  3 giant cockroaches
  9 hobgoblins
  3 jackals (D:7)
  11 kobolds
  5 quokkas
  7 bats
  4 frilled lizards
  4 gnoll zombies (Ossuary)
  16 goblins
  2 hobgoblin zombies (Ossuary)
  A jackal skeleton (D:4)
  2 kobold zombies (Ossuary)
  5 orc zombies (Ossuary)
  A quokka zombie (D:9)
  7 rats
278 creatures vanquished.

Vanquished Creatures (collateral kills)
  A troll (D:10)
  Prince Ribbit (D:5)
  A hornet (D:7)
  8 yaks
  A centaur (D:6)
  A bullfrog (D:6)
  An iguana (D:7)
  An orc wizard (D:7)
  A hound zombie (D:6)
  A white imp (D:10)
  4 orcs
21 creatures vanquished.

Grand Total: 299 creatures vanquished

Notes
Turn   | Place    | Note
-------+----------+-------------------------------------------
     0 | D:1      | FishyPogo the Demonspawn Gladiator began the quest for the
                  | Orb.
     0 | D:1      | Reached XP level 1. HP: 16/16 MP: 1/1
   191 | D:1      | Gained mutation: You are partially covered in slimy green
                  | scales. (AC +2) [demonic ancestry]
   191 | D:1      | Reached XP level 2. HP: 20/22 MP: 2/2
   563 | D:1      | Gained mutation: You have large cloven feet. [demonic
                  | ancestry]
   563 | D:1      | Reached XP level 3. HP: 28/28 MP: 3/3
  1418 | D:2      | Noticed Robin
  1440 | D:2      | Reached XP level 4. HP: 30/34 MP: 4/4
  1440 | D:2      | Killed Robin
  1441 | D:2      | Reached skill level 3 in Fighting
  1536 | D:2      | Reached skill level 1 in Armour
  1645 | D:2      | Found a faded altar of an unknown god.
  1673 | D:2      | Became a worshipper of Cheibriados the Contemplative
  1673 | D:2      | Reached * piety under Cheibriados
  1858 | D:2      | Noticed Terence
  1877 | D:2      | Killed Terence
  2365 | D:3      | You fall into a shaft and drop 1 floor!
  2396 | D:4      | Found a staircase to the Ecumenical Temple.
  2406 | D:4      | Reached XP level 5. HP: 28/39 MP: 5/5
  2479 | D:4      | Found a sand-covered staircase.
  2484 | Ossuary  | Entered an ossuary
  2566 | Ossuary  | Reached skill level 1 in Short Blades
  2687 | Ossuary  | Reached ** piety under Cheibriados
  2704 | Ossuary  | Gained mutation: You have hoof-like feet. [demonic
                  | ancestry]
  2704 | Ossuary  | Reached XP level 6. HP: 48/48 MP: 6/6
  2713 | Ossuary  | Reached skill level 4 in Fighting
  2994 | D:3      | Found a radiant altar of Vehumet.
  2994 | D:3      | Noticed Grinder
  3652 | D:4      | Noticed Natasha
  3696 | D:4      | Killed Natasha
  4082 | D:4      | Noticed Natasha
  4088 | D:4      | Killed Natasha
  4210 | D:5      | Entered Level 5 of the Dungeon
  4210 | D:5      | Noticed a sky beast
  4225 | D:5      | Killed a sky beast
  4226 | D:5      | Gained mutation: When hurt, damage is shared between your
                  | health and your magic reserves. [demonic ancestry]
  4226 | D:5      | Reached XP level 7. HP: 33/55 MP: 7/7
  4386 | D:4      | Noticed Natasha
  4392 | D:4      | Killed Natasha
  4451 | D:3      | Killed Grinder
  4452 | D:3      | Reached skill level 5 in Fighting
  4456 | D:3      | Reached *** piety under Cheibriados
  4540 | D:3      | Learned a level 3 spell: Mephitic Cloud
  4850 | D:5      | Got a silken robe
  5001 | D:5      | Noticed Ijyb
  5007 | D:5      | Killed Ijyb
  5256 | D:5      | Gained mutation: A weak demonic guardian rushes to your
                  | aid. [demonic ancestry]
  5256 | D:5      | Reached XP level 8. HP: 58/64 MP: 6/8
  5511 | D:5      | Reached skill level 1 in Air Magic
  5511 | D:5      | Reached skill level 1 in Poison Magic
  5515 | D:5      | Reached skill level 1 in Conjurations
  5519 | D:5      | Reached **** piety under Cheibriados
  5892 | D:5      | Noticed Prince Ribbit
  5904 | D:5      | Killed Prince Ribbit
  5905 | D:5      | Reached skill level 6 in Fighting
  5905 | D:5      | Reached skill level 1 in Spellcasting
  6174 | D:6      | Noticed Eustachio
  6193 | D:6      | Killed Eustachio
  6656 | D:6      | Reached skill level 5 in Dodging
  6690 | D:6      | Found a runed translucent door.
  6785 | D:6      | Noticed brucemayne's ghost (amateur HOMo)
  6795 | D:6      | Reached skill level 7 in Fighting
  6798 | D:6      | Killed brucemayne's ghost
  6799 | D:6      | Gained mutation: You regenerate magic rapidly. [demonic
                  | ancestry]
  6799 | D:6      | Reached XP level 9. HP: 53/72 MP: 7/10
  6910 | D:7      | Reached ***** piety under Cheibriados
  7685 | D:7      | Got a shimmering diamond amulet
  7691 | D:7      | Identified the amulet "Duank" {Faith rC+ Str+7} (You found
                  | it on level 7 of the Dungeon)
  7706 | D:7      | Identified the cursed +0 robe of Fuck {*Drain rF+++ Will+++
                  | MP-9 SInv} (You found it on level 5 of the Dungeon)
  8032 | D:8      | Reached skill level 5 in Armour
  8032 | D:8      | Reached skill level 1 in Invocations
  8195 | D:8      | Reached skill level 8 in Fighting
  8255 | D:8      | Found a shimmering altar of Xom.
  8492 | D:8      | Found Luprut Ravu's Book Shop.
  8997 | D:9      | Reached ****** piety under Cheibriados
  9224 | D:9      | Gained mutation: A demonic guardian rushes to your aid.
                  | [demonic ancestry]
  9224 | D:9      | Reached XP level 10. HP: 80/80 MP: 3/12
  9484 | D:9      | Found a snail-covered altar of Cheibriados.
  9931 | D:10     | Entered Level 10 of the Dungeon
  9995 | D:10     | Found Fihuadoep's Jewellery Emporium.
 10024 | D:10     | Noticed an unseen horror
 10044 | D:10     | Killed an unseen horror
 10045 | D:10     | Reached skill level 5 in Short Blades
 10168 | D:10     | Found a glowing golden altar of the Shining One.
 11418 | D:10     | Noticed a two-headed ogre
 11424 | D:10     | Killed a two-headed ogre
 11425 | D:10     | Reached skill level 9 in Fighting
 11547 | D:10     | You fall into a shaft and drop 2 floors!
 11555 | D:12     | Noticed Psyche
 11570 | D:12     | Killed Psyche
 11579 | D:12     | Reached XP level 11. HP: 26/89 MP: 3/14
 12014 | D:11     | Noticed a two-headed ogre
 12025 | D:11     | Killed a two-headed ogre
 12114 | D:11     | Found a frozen archway.
 12125 | D:11     | Reached skill level 5 in Invocations
 12135 | IceCv    | Entered an ice cave
 12340 | IceCv    | Noticed a white ugly thing
 12374 | IceCv    | Killed a white ugly thing
 12758 | IceCv    | Noticed a white ugly thing
 12790 | IceCv    | Engulfed by an ice statue's freezing vapour

Illustrated notes

Levels and vault maps discovered:
D:1:      dpeg_arrival_boxes_within_box, layout_basic
D:2:      layout_loops_ring, chequers_ecumenical_altar_simple_redux,
          minmay_strange_pillars, minmay_pentomino_r2, uniq_robin, uniq_terence
D:3:      layout_rooms, vehumet_crystals, uniq_grinder
D:4:      layout_basic, minmay_temple_entry_mini_moons,
          nicolae_ossuary_entry_ruins, serial_co_window_serial,
          co_window_paths_a, co_window_corner_a, co_window_paths_a,
          co_window_paths_a, co_window_paths_a, co_window_broadway_c,
          co_window_corner_ca, co_window_unsneaky_path_c, co_window_4corner_a,
          glass_columns_a, uniq_natasha
D:5:      layout_loops_ring, uniq_ijyb, uniq_prince_ribbit1
D:6:      layout_basic, ebering_ghost_sewer_d, uniq_eustachio
D:7:      layout_cave_pools
D:8:      layout_gridville, serial_shops, kennysheep_mini_moat, tgw_xom
D:9:      layout_roguey, basic_altar
D:10:     layout_irregular_city, serial_shops, nicolae_shop_trees, basic_altar
D:11:     layout_stronghold, erik_lair_orcish_takeover,
          minmay_orc_entry_temple_small, portal_ice_cave_demonic_guard
D:12:     layout_basic, serial_shops, shop, serial_glass, glass_columns_a,
          glass_columns_c, uniq_erolcha, uniq_psyche
IceCv:    ice_cave_statue_garden_chambered

Skill      XL: |  1  2  3  4  5  6  7  8  9 10 11 |
---------------+----------------------------------+-----
Throwing       | 2 3 |  3.0
Dodging        | 3 4 5 7 |  7.7
Long Blades    | 3 4 |  4.3
Fighting       | 3 4 5 7 8 9 |  9.7
Armour         | 1 2 3 4 5 6 |  6.1
Short Blades   | 1 2 4 5 |  5.8
Air Magic      | 1 2 |  2.0
Poison Magic   | 2 3 4 |  4.0
Conjurations   | 2 3 4 |  4.0
Spellcasting   | 1 2 |  2.0
Invocations    | 2 4 5 |  5.3

Action                   |  1- 3 |  4- 6 |  7- 9 | 10-12 || total
-------------------------+-------+-------+-------+-------++-------
Melee: Long sword        |    89 |    33 |       |       ||   122
       Kick              |    10 |    79 |   161 |   203 ||   453
       Short sword       |       |   164 |   120 |     7 ||   291
       Dagger            |       |       |   140 |   270 ||   410
       Scimitar          |       |       |    48 |    12 ||    60
Throw: Stone             |    65 |       |       |       ||    65
  Use: Scroll            |       |     2 |    10 |     1 ||    13
       Potion            |       |       |       |     4 ||     4
 Stab: Sleeping          |     1 |     1 |     7 |     8 ||    17
       Distracted        |       |       |     2 |     3 ||     5
Armor: Leather armour    |    27 |    60 |    59 |       ||   146
       Robe              |       |       |     9 |    46 ||    55
Dodge: Dodged            |    64 |   124 |   301 |   256 ||   745
       Rpst.: Long sword |    14 |    10 |       |       ||    24
       Scimitar          |       |       |    12 |     2 ||    14
